 Dungeon Sprint DCSS version 0.23-a0-702-gd214142 (webtiles) character file.

7477 rednecknazgul the Swashbuckler (level 11, 0/65 HPs)
             Began as a Vine Stalker Gladiator on Jan 13, 2019.
             Was an Initiate of Gozag.
             Slain by a Brimstone Fiend (12 damage)
             ... summoned by a deep elf demonologist
             ... in the Dungeon (Sprint III: "The Ten Rune Challenge").
             The game lasted 00:06:58 (1360 turns).

rednecknazgul the Swashbuckler (VSGl)               Turns: 1360, Time: 00:06:59

Health: 0/65       AC: 31    Str: 19    XL:     11   Next: 15%
Magic:  0/12       EV:  8    Int:  8    God:    Gozag
Gold:   4757       SH:  0    Dex: 20    Spells: 10/10 levels left

rFire    + . .     SeeInvis .   b - +1 rapier (venom)
rCold    + . .     Gourm    .   (no shield)
rNeg     + . .     Faith    .   j - +9 scales of the Dragon King {rPois rF+ rC+ MR+}
rPois    +         Spirit   +   c - +0 helmet
rElec    .         Reflect  .   (no cloak)
rCorr    .         Harm     .   u - +2 pair of gloves {Dex+3}
MR       ++...     NoTele   +   (no boots)
Stlth    ..........             (no amulet)
HPRegen  0.60/turn              s - ring of Sywaclo {rPois rN+ MR- Slay+3}
MPRegen  0.13/turn              (no ring)

@: flying
A: fangs 3, magic resistance 1, mutation resistance 1, sense surroundings 1,
regeneration 1, wild magic 1, magic shield, antimagic bite, no potion heal 3,
rot immunity
a: Potion Petition, Call Merchant, Bribe Branch, Renounce Religion


You were in the Dungeon.
You worshipped Gozag.
Gozag was most pleased with you.
You were not hungry.

You visited 1 branch You collected 12963 gold pieces.
You spent 3529 gold pieces at shops.
You paid 4677 gold pieces to Gozag.

Inventory:

Hand Weapons
 b - a +1 rapier of venom (weapon)
Missiles
 a - 4 throwing nets (quivered)
Armour
 c - a +0 helmet (worn)
 j - the +9 scales of the Dragon King (worn) {rPois rF+ rC+ MR+}
   (You bought it in a shop in the Dungeon)

   It protects you from fire.
   It protects you from cold.
   It protects you from poison.
   It affects your resistance to hostile enchantments.
 u - a +2 pair of gloves of dexterity (worn)
Jewellery
 s - the ring of Sywaclo (left hand) {rPois rN+ MR- Slay+3}
   (You bought it in a shop in the Dungeon)

   [ring of poison resistance]

   It affects your accuracy and damage with ranged weapons and melee attacks
   (+3).
   It protects you from poison.
   It protects you from negative energy.
   It affects your resistance to hostile enchantments.
Scrolls
 k - a scroll of blinking
 n - a scroll of immolation
 o - 3 scrolls of identify
 p - 3 scrolls of remove curse
Potions
 d - a potion of berserk rage
 e - a potion of curing
 g - a potion of heal wounds
 h - a potion of haste
 i - 2 potions of magic
 l - 4 potions of flight
 m - 2 potions of mutation
 q - a potion of agility
Comestibles
 f - 16 rations


   Skills:
 + Level 11.1 Fighting
 * Level 15.1 Short Blades
 - Level 1.7 Throwing
 + Level 10.1 Armour
 + Level 10.5 Dodging


You had 10 spell levels left.
You didn't know any spells.
Your spell library contained the following spells:

 Spells                   Type           Power        Failure   Level  Hunger
 Confusing Touch          Hex            #.....       100%        1    ##.....
 Confuse                  Hex            #.......     100%        3    ####...
 Gell's Gravitas          Tloc           #.........   100%        3    ####...
 Petrify                  Tmut/Erth      #.......     100%        4    #####..
 Metabolic Englaciation   Hex/Ice        #.........   100%        5    ######.
 Yara's Violent Unravell  Hex/Tmut       #.........   100%        5    ######.


Dungeon Overview and Level Annotations

Branches:
Dungeon (1/1)

Altars:
Cheibriados
Dithmenos
Elyvilon
Fedhas
Gozag
Hepliaklqana
Kikubaaqudgha
Makhleb
Nemelex Xobeh
Okawaru
Qazlal
Ru
Sif Muna
Trog
Uskayaw
Vehumet
Wu Jian
Xom
Yredelemnul
Zin
The Shining One
Beogh
Jiyva
Lugonu

Shops:
D [((=?[


Innate Abilities, Weirdness & Mutations

You have razor-sharp teeth.
Your natural rate of healing is unusually fast.
When hurt, damage is shared between your health and your magic reserves.
Your bite disrupts and absorbs the magic of your enemies.
Potions cannot restore your health.
You are immune to rotting.
You are resistant to hostile enchantments. (MR+)
You are somewhat resistant to further mutation.
You passively map a small area around you.
Your spells are a little harder to cast, but a little more powerful.


Message History

The Brimstone Fiend hits you but does no damage.
You hit the Brimstone Fiend but do no damage.
The Brimstone Fiend is moderately wounded.
You hit the Brimstone Fiend but do no damage.
You bite the Brimstone Fiend, but do no damage.
The Brimstone Fiend is moderately wounded.
The Brimstone Fiend calls on the powers of darkness!
Your body is wracked with pain!
* * * LOW HITPOINT WARNING * * *
You hit the Brimstone Fiend. You bite the Brimstone Fiend.
The Brimstone Fiend's magic leaks into the air.
You drain its magic.
The Brimstone Fiend is moderately wounded.
You puncture the Brimstone Fiend! You bite the Brimstone Fiend!
The Brimstone Fiend's magic leaks into the air.
You drain its magic.
The Brimstone Fiend is severely wounded.
The Brimstone Fiend hits you!
You die...
Your body crumbles into a pile of gold.

▓▓▓▓▓▓▓▓▓
##∩##.##∩######### * ###
* ##∩#...∩...'.#..@# ...'
,,$
#∩∩.......##.#..1##≈≈≈≈#
,**$ $
#...[....###)#...≈≈≈....,
, $
#........###[#...##≈≈≈≈#
* , *$ #.)#[##...##.'...#


1ee' ,,$$ $ #.##..##.#.####### ### * * #[###########################
#.[..#.#.#.....#......'...≈≈#, ##(#[.#.##)###.#....^^#...≈≈### You could see a
Brimstone Fiend.

Vanquished Creatures
  Erolcha (D)
  A deep elf knight (D)
  5 deep elf magi (D)
  An orc knight (D)
  A queen bee (D)
  2 redbacks (D)
  A shadow (D)
  A spatial vortex (D)
  3 orc warriors (D)
  A necrophage (D)
  5 two-headed ogres (D)
  A water elemental (D)
  A scorpion (D)
  32 killer bees (D)
  2 orc wizards (D)
  A jelly (D)
  A wizard (D)
  Jessica (D)
  A necromancer (D)
  3 humans (D)
  A kobold demonologist (D)
  11 orcs (D)
  A kobold (D)
  3 rats (D)
81 creatures vanquished.

Vanquished Creatures (others)
  2 draconian scorchers (D)
  6 hellions (D)
  2 yaktaurs (D)
  An electric eel (D)
  4 plants (D)
15 creatures vanquished.

Grand Total: 96 creatures vanquished

Notes
Turn   | Place    | Note
-------+----------+-------------------------------------------
     0 | D        | rednecknazgul the Vine Stalker Gladiator began the quest
                  | for the Orb.
     0 | D        | Reached XP level 1. HP: 11/11 MP: 2/2
     7 | D        | Reached skill level 3 in Short Blades
    11 | D        | Noticed Jessica
    18 | D        | Killed a yaktaur
    26 | D        | Killed Jessica
    26 | D        | Reached skill level 4 in Short Blades
    26 | D        | Reached skill level 1 in Armour
    26 | D        | Reached XP level 2. HP: 14/16 MP: 3/3
    26 | D        | Reached XP level 3. HP: 16/19 MP: 4/4
    46 | D        | Noticed a scorpion
    58 | D        | Killed a scorpion
    58 | D        | Reached skill level 5 in Short Blades
    58 | D        | Gained mutation: Your natural rate of healing is unusually
                  | fast. [Vine Stalker growth]
    58 | D        | Reached XP level 4. HP: 24/25 MP: 5/5
    89 | D        | Killed a yaktaur
    91 | D        | Killed a hellion
    93 | D        | Killed a hellion
   100 | D        | Gained mutation: You passively map a small area around you.
                  | [potion of mutation]
   100 | D        | Gained mutation: You are resistant to hostile enchantments.
                  | (MR+) [potion of mutation]
   100 | D        | Gained mutation: You are somewhat resistant to further
                  | mutation. [potion of mutation]
   100 | D        | Gained mutation: Your spells are a little harder to cast,
                  | but a little more powerful. [potion of mutation]
   104 | D        | Killed a hellion
   105 | D        | Killed a hellion
   105 | D        | Killed a hellion
   132 | D        | Noticed a water elemental
   134 | D        | Killed a water elemental
   134 | D        | Reached skill level 6 in Short Blades
   134 | D        | Reached XP level 5. HP: 30/30 MP: 6/6
   139 | D        | Found a radiant altar of Vehumet.
   140 | D        | Found a deep blue altar of Sif Muna.
   140 | D        | Found an ancient bone altar of Kikubaaqudgha.
   151 | D        | Noticed a neqoxec
   154 | D        | Noticed a smoke demon
   155 | D        | Reached skill level 7 in Short Blades
   198 | D        | Killed a white draconian scorcher
   199 | D        | Killed a hellion
   235 | D        | Found a glowing silver altar of Zin.
   235 | D        | Found a glowing golden altar of the Shining One.
   235 | D        | Found a white marble altar of Elyvilon.
   236 | D        | Noticed a deep elf mage
   253 | D        | Killed a deep elf mage
   253 | D        | Reached skill level 9 in Short Blades
   253 | D        | Reached skill level 5 in Armour
   253 | D        | Reached XP level 6. HP: 30/37 MP: 4/7
   253 | D        | Reached XP level 7. HP: 33/41 MP: 4/8
   280 | D        | Killed a white draconian scorcher
   286 | D        | Found a hide-covered altar of Uskayaw.
   286 | D        | Found a roughly hewn altar of Beogh.
   286 | D        | Found an iron altar of Okawaru.
   286 | D        | Found a bloodstained altar of Trog.
   286 | D        | Found an ornate altar of the Wu Jian Council.
   286 | D        | Noticed a human
   287 | D        | Noticed a human
   301 | D        | Killed a human
   307 | D        | Killed a human
   307 | D        | Reached skill level 10 in Short Blades
   307 | D        | Gained mutation: You have razor-sharp teeth. [Vine Stalker
                  | growth]
   307 | D        | Reached XP level 8. HP: 27/46 MP: 7/9
   342 | D        | Noticed a shadow
   354 | D        | Killed a shadow
   403 | D        | Found a blossoming altar of Fedhas.
   403 | D        | Found a stormy altar of Qazlal.
   403 | D        | Found a snail-covered altar of Cheibriados.
   403 | D        | Found a burning altar of Makhleb.
   403 | D        | Found a shimmering altar of Xom.
   404 | D        | Found a hazy altar of Hepliaklqana.
   404 | D        | Found an opulent altar of Gozag.
   404 | D        | Found a sparkling altar of Nemelex Xobeh.
   404 | D        | Found a corrupted altar of Lugonu.
   404 | D        | Found a viscous altar of Jiyva.
   422 | D        | Became a worshipper of Gozag Ym Sagoz the Greedy
   434 | D        | Found a basalt altar of Yredelemnul.
   434 | D        | Found a shadowy altar of Dithmenos.
   434 | D        | Found a sacrificial altar of Ru.
   446 | D        | Reached skill level 11 in Short Blades
   517 | D        | Noticed an orc knight
   550 | D        | Killed an orc knight
   550 | D        | Reached skill level 12 in Short Blades
   550 | D        | Reached XP level 9. HP: 42/52 MP: 10/10
   649 | D        | Found Nookh's Magic Scroll Emporium.
   737 | D        | Noticed a deep elf mage
   737 | D        | Noticed a deep elf mage
   737 | D        | Noticed a deep elf knight
   737 | D        | Noticed a deep elf mage
   737 | D        | Noticed a deep elf mage
   750 | D        | Noticed a hellwing
   750 | D        | Killed a deep elf knight
   752 | D        | Noticed a hellwing
   754 | D        | Noticed an orange demon
   756 | D        | Noticed a jumping spider
   762 | D        | Killed a deep elf mage
   762 | D        | Reached skill level 13 in Short Blades
   772 | D        | Killed a deep elf mage
   772 | D        | Reached XP level 10. HP: 41/58 MP: 11/11
   784 | D        | Killed a deep elf mage
   795 | D        | Killed a deep elf mage
   795 | D        | Reached skill level 10 in Fighting
   826 | D        | Bought a +1 rapier of venom for 177 gold pieces
   829 | D        | Bought the ring of Sywaclo {rPois rN+ MR- Slay+3} for 475
                  | gold pieces
   832 | D        | Bought a shiny plate armour for 780 gold pieces
   832 | D        | Bought a pair of glowing gloves for 225 gold pieces
   877 | D        | Noticed Erolcha
   887 | D        | Killed Erolcha
   887 | D        | Reached skill level 14 in Short Blades
   967 | D        | Reached skill level 10 in Dodging
  1039 | D        | Reached XP level 11. HP: 48/64 MP: 12/12
  1065 | D        | Reached skill level 10 in Armour
  1072 | D        | Reached skill level 15 in Short Blades
  1215 | D        | Bought the +9 scales of the Dragon King {rPois rF+ rC+ MR+}
                  | for 1872 gold pieces
  1215 | D        | Found the +9 scales of the Dragon King {rPois rF+ rC+ MR+}
  1235 | D        | Noticed a deep elf demonologist
  1236 | D        | Noticed a deep elf demonologist
  1237 | D        | Noticed a deep elf demonologist
  1342 | D        | Noticed a deep elf blademaster
  1343 | D        | Noticed a Brimstone Fiend
  1343 | D        | Noticed a deep elf high priest
  1345 | D        | Noticed an Executioner
  1360 | D        | Slain by a Brimstone Fiend

Vault maps used:
D:        dungeon_sprint_mu

Skill      XL: |  1  2  3  4  5  6  7  8  9 10 11 |
---------------+----------------------------------+-----
Fighting       | 2 3 4 6 7 8 9 10 11 | 11.1
Short Blades   | 4 5 6 9 10 12 13 14 15 | 15.1
Armour         | 1 2 3 5 6 7 8 9 10 | 10.1
Dodging        | 3 4 6 8 9 10 | 10.5
Throwing       | |  1.7

Action                   |  1- 3 |  4- 6 |  7- 9 | 10-12 || total
-------------------------+-------+-------+-------+-------++-------
Melee: Rapier            |    23 |    34 |       |   129 ||   186
       Bite              |     3 |    16 |    82 |    52 ||   153
       Dagger            |       |    17 |   179 |    20 ||   216
Throw: Throwing net      |     2 |       |     3 |       ||     5
Invok: Potion Petition   |       |       |     2 |       ||     2
       Call Merchant     |       |       |       |     5 ||     5
  Use: Potion            |       |     2 |     1 |     1 ||     4
       Scroll            |       |       |       |     1 ||     1
 Stab: Held in net/web   |     1 |       |     3 |       ||     4
       Distracted        |       |       |       |     1 ||     1
  Eat: Ration            |       |       |       |     1 ||     1
Armor: Leather armour    |     1 |     4 |     2 |       ||     7
       Plate armour      |       |       |     8 |    46 ||    54
       Gold dragon scale |       |       |       |     3 ||     3
Dodge: Dodged            |    11 |    20 |    57 |    60 ||   148

Table legend:
 A = Non-vault XP
 B = Vault XP
 C = Vault XP percentage of total XP
 D = Non-vault monster count
 E = Vault monster count
 F = Vault count percentage of total count
                 A         B        C        D         E       F
            +---------+---------+-------+---------+---------+-------
      Total |       0 |   10682 | 100.0 |       0 |      81 | 100.0
            +---------+---------+-------+---------+---------+-------
          D |       0 |   10682 | 100.0 |       0 |      81 | 100.0
            +---------+---------+-------+---------+---------+-------
